 Dungeon Crawl Stone Soup version 0.30.0 (webtiles) character file.

Game seed: 17757107626085714324

3817 Zahlis the Grappler (level 9, -4/127 HPs)
             Began as a Troll Berserker on Oct 29, 2023.
             Was an Elder of Trog.
             Slain by a vampire (9 damage)
             ... on level 9 of the Dungeon on Oct 30, 2023.
             The game lasted 01:10:16 (8524 turns).

Zahlis the Grappler (Troll Berserker)               Turns: 8524, Time: 01:10:17

Health: -4/127     AC: 24    Str: 35    XL:     9   Next: 97%
Magic:  8/8        EV:  1    Int:  3    God:    Trog [****..]
Gold:   490        SH:  0    Dex: 11    Spells: 8/8 levels left

rFire   . .          .
                       - Unarmed
rCold   . . .        e - orb {*Rage}
rNeg    . . .        D - melded +0 robe {Will+}
rPois   +            (helmet currently unavailable)
rElec   .            g - melded +2 cloak
rCorr   .            (gloves unavailable)
SInv    .            (boots unavailable)
Will    ++...        (no amulet)
Stlth   ++           p - +6 ring of strength
HPRegen 2.21/turn    N - ring of poison resistance
MPRegen 0.11/turn

%: random rage (20%)
@: tree-form, strong-willed, regenerating
A: stationary, stasis, torment immunity, boosted hp, large, unfitting armour,
(claws 3), regeneration 1, (shaggy fur 1), (tough skin 1)
a: Renounce Religion, Berserk, Trog's Hand, Brothers in Arms


You were on level 9 of the Dungeon.
You worshipped Trog.
Trog was greatly pleased with you.
You were a tree.
You visited 2 branches of the dungeon, and saw 10 of its levels.

You collected 490 gold pieces.

Inventory:

Hand Weapons
 i - a +3 quarterstaff of chaos
 s - the +2 dagger of Eqedaax {antimagic, Str+4}
   (You found it on level 3 of the Dungeon)

   Str:       It affects your strength (+4).
 v - a +1 mace of holy wrath
 x - a +2 mace of protection
 A - a +2 flail of protection
 E - a +0 whip of freezing
 F - a +1 scimitar of freezing
 H - a +1 halberd
 M - a +1 hand axe of electrocution
Missiles
 b - 91 stones
 f - a throwing net
 z - 7 poisoned darts
 J - 2 curare-tipped darts
Armour
 a - a +0 animal skin
 d - a +0 ring mail
 e - an orb of wrath (worn)
 g - a +2 cloak (melded)
 n - a +2 pair of boots
 o - a +1 helmet
 D - a +0 robe of willpower (melded)
Jewellery
 p - a +6 ring of strength (left branch)
 N - a ring of poison resistance (right branch)
Wands
 K - a wand of digging (4)
Scrolls
 c - 3 scrolls of identify
 j - 2 scrolls of immolation
 l - 2 scrolls of amnesia {unknown}
 r - 2 scrolls of fog {unknown}
 t - 3 scrolls of teleportation
 y - 4 scrolls of poison {unknown}
 C - 4 scrolls of noise {unknown}
 L - a scroll of summoning {unknown}
Potions
 h - a potion of lignification
 k - 2 potions of invisibility
 m - a potion of haste
 q - 2 potions of attraction
 u - a potion of might
 w - a potion of ambrosia
 B - a potion of curing
 G - a potion of mutation
Miscellaneous
 I - a piece from Xom's chessboard (15/15)


   Skills:
 + Level 4.6 Fighting
 + Level 6.0 Dodging
 + Level 2.2 Stealth
 + Level 11.5 Unarmed Combat


You had 8 spell levels left.
You didn't know any spells.
Your spell library contained the following spells:

 Spells                   Type           Power      Damage    Failure   Level
 Magic Dart               Conj           0%         1d3       52%         1
 Ensorcelled Hibernation  Hex/Ice        0%         N/A       67%         2
 Searing Ray              Conj           0%         2d4       67%         2
 Gell's Gravitas          Tloc           0%         N/A       88%         3
 Inner Flame              Hex/Fire       0%         N/A       88%         3
 Spider Form              Tmut/Pois      0%         N/A       88%         3
 Teleport Other           Tloc           0%         N/A       88%         3
 Vhi's Electric Charge    Tloc/Air       0%         N/A       88%         3
 Anguish                  Hex/Necr       0%         N/A       99%         4
 Flame Wave               Conj/Fire      0%         2d4       99%         4
 Fulminant Prism          Conj/Hex       0%         3d5       99%         4
 Sticky Flame             Conj/Fire      0%         2d3       99%         4
 Arcjolt                  Conj/Air       0%         1d10      100%        5
 Dispersal                Tloc           0%         N/A       100%        6
 Plasma Beam              Fire/Air       0%         2x1d11    100%        6


Dungeon Overview and Level Annotations

Branches:
Dungeon (9/15)             Temple (1/1) D:5
   Lair: D:8-11         Orc: D:9-12

Altars:
Ashenzari
Cheibriados
Dithmenos
Elyvilon
Fedhas
Gozag
Hepliaklqana
Makhleb
Nemelex Xobeh
Okawaru
Qazlal
Ru
Sif Muna
Trog
Uskayaw
Vehumet
Wu Jian
Xom
Yredelemnul
Zin
The Shining One

Shops:
D:1 :*(*   D:4 *   D:7 [

Annotations:
D:3 exclusion: oklob plant
D:7 exclusion: statue


Innate Abilities, Weirdness & Mutations

You are a tree.
Your roots penetrate the ground, keeping you stationary.
You cannot be teleported.
You are immune to unholy pain and torment.
Your maximum health is greatly increased.
Your equipment is partially melded.
You are too large for most types of armour.
((You have claws for hands.))
Your natural rate of healing is unusually fast.
((You are covered in fur. (AC +1)))
((You have tough skin. (AC +1)))


Message History

You're still recovering from your berserk rage.
You're still recovering from your berserk rage.
You closely miss something. You miss something.
Something hits you but does no damage. Something bites you!
Something draws strength from your injuries!
You barely miss something. Something hits you but does no damage.
Something barely misses you.
As you read the scroll of immolation, it crumbles to dust.
The creatures around you are filled with an inner flame!
Something completely misses you. Something bites you!
Something draws strength from your injuries!
The orc throws a boomerang.
The boomerang hits you but does no damage.
You claw something!
Flame seeps out of something.
You recover from your berserk rage.
Flame seeps out of something.
Something draws life force from you!!
* * * LOW HITPOINT WARNING * * *
Really walk into that cloud of flame? [Y]es or [N]o only, please.
Really walk into that cloud of flame?
Okay, then.
Something hits you.
* * * LOW HITPOINT WARNING * * *
Something bites you.
* * * LOW HITPOINT WARNING * * *
Something draws strength from your injuries!
The orc throws a boomerang.
Flame seeps out of something. x2
You turn into a tree.
Your +2 cloak melds into your body.
Your +0 robe of willpower melds into your body.
You feel less strong-willed.
Your roots penetrate the ground.
The orc throws a boomerang.
The boomerang hits you but does no damage.
Something hits you but does no damage. Something bites you!
* * * LOW HITPOINT WARNING * * *
Something draws strength from your injuries!
Something hits you!
* * * LOW HITPOINT WARNING * * *
Something bites you but does no damage. Something hits you!
You die... #.#.#.# #..... #...# #.#### ## ##.## #.# .. !##.# #.#### .###. #.# #.##.. go.

#.#
#.##.#
#o# #.#
#.##..
#.####.#
#.##..
#.♣....#
#.....
########
####.#
#.. ###


You could see a gnoll and 2 orcs.

Vanquished Creatures
  Pikel (D:7)
  A troll (D:7)
  A wyvern (D:8)
  2 water moccasins
  A sky beast (D:8)
  An orc warrior (D:9)
  A black bear (D:8)
  2 ogres (D:7)
  A lemure (D:7)
  3 phantoms
  A gnoll sergeant (D:9)
  A bullfrog (D:8)
  2 scorpions (D:6)
  9 wights
  8 killer bees
  3 vampire bats (D:7)
  6 hounds
  2 orc priests (D:5)
  6 jellies
  Crazy Yiuf (D:2)
  A gnoll bouda (D:6)
  A sleepcap (D:7)
  3 orc wizards
  4 iguanas
  11 gnolls
  6 adders
  A shadow imp (D:8)
  A white imp (D:6)
  A dart slug (D:5)
  34 orcs
  6 ball pythons
  9 endoplasms
  5 giant cockroaches
  4 goblins
  6 hobgoblins
  7 quokkas
  10 bats
  2 frilled lizards
  6 kobolds
  2 rats (D:2)
173 creatures vanquished.

Vanquished Creatures (others)
  5 fungi (D:3)
  13 plants (D:3)
  15 toadstools (D:3)
33 creatures vanquished.

Grand Total: 206 creatures vanquished

Notes
Turn   | Place    | Note
-------+----------+-------------------------------------------
     0 | D:1      | Zahlis the Troll Berserker began the quest for the Orb.
     0 | D:1      | Reached XP level 1. HP: 22/22 MP: 0/0
   116 | D:1      | Found Weutwo's General Store.
   368 | D:1      | Found Mecisuq's Assorted Antiques.
   377 | D:1      | You fall into a shaft and drop 1 floor!
   413 | D:2      | Reached XP level 2. HP: 29/29 MP: 1/1
   771 | D:2      | Reached XP level 3. HP: 36/36 MP: 2/2
   806 | D:2      | Found a white marble altar of Elyvilon.
   857 | D:2      | Found a runed translucent door.
   858 | D:2      | Noticed Crazy Yiuf
   868 | D:2      | Killed Crazy Yiuf
  1357 | D:1      | Found Avyer's Weapon Emporium.
  1399 | D:1      | Reached XP level 4. HP: 44/44 MP: 3/3
  1614 | D:1      | Found Uselun's Book Shop.
  2320 | D:3      | Found a glowing silver altar of Zin.
  2338 | D:3      | Found a blossoming altar of Fedhas.
  2360 | D:3      | Noticed an oklob plant
  2805 | D:3      | Identified the +2 dagger of Eqedaax {antimagic, Str+4}
  3237 | D:4      | Reached skill level 4 in Unarmed Combat
  3404 | D:4      | Reached XP level 5. HP: 52/52 MP: 4/4
  3559 | D:4      | Noticed a phantom
  3567 | D:4      | Killed a phantom
  3567 | D:4      | Reached ** piety under Trog
  3568 | D:4      | Reached skill level 5 in Unarmed Combat
  3647 | D:4      | Noticed a phantom
  3657 | D:4      | Killed a phantom
  3658 | D:4      | Reached XP level 6. HP: 61/61 MP: 5/5
  3682 | D:4      | Found Vope's CLEARANCE SALE!.
  4270 | D:4      | Found a shimmering blue altar of Sif Muna.
  4472 | D:5      | Entered Level 5 of the Dungeon
  4525 | D:5      | Found a basalt altar of Yredelemnul.
  4647 | D:5      | Reached skill level 1 in Stealth
  4647 | D:5      | Reached skill level 6 in Unarmed Combat
  4726 | D:5      | Reached XP level 7. HP: 63/67 MP: 6/6
  4852 | D:5      | Found a staircase to the Ecumenical Temple.
  5031 | D:5      | Reached *** piety under Trog
  5537 | Temple   | Entered the Ecumenical Temple
  5680 | D:6      | Reached skill level 7 in Unarmed Combat
  5797 | D:6      | Reached XP level 8. HP: 8/75 MP: 7/7
  5799 | D:6      | HP: 3/75 [poisoned by a killer bee]
  6064 | D:6      | Reached skill level 8 in Unarmed Combat
  6770 | D:7      | Found Lauthrino's Armour Shoppe.
  6837 | D:7      | Found a burning altar of Makhleb.
  6845 | D:7      | Found a bloodstained altar of Trog.
  6853 | D:7      | Found a hazy altar of Hepliaklqana.
  6928 | D:7      | Reached skill level 9 in Unarmed Combat
  6989 | D:7      | Noticed Pikel
  6994 | D:7      | Killed Pikel
  6995 | D:7      | Reached skill level 5 in Dodging
  6995 | D:7      | Reached XP level 9. HP: 84/84 MP: 8/8
  7064 | D:7      | Noticed a troll
  7072 | D:7      | Killed a troll
  7073 | D:7      | Reached skill level 10 in Unarmed Combat
  7140 | D:7      | Reached **** piety under Trog
  7322 | D:7      | Found a radiant altar of Vehumet.
  7367 | D:7      | Found an iron altar of Okawaru.
  7734 | D:8      | Found a broken altar of Ashenzari.
  7754 | D:8      | Reached skill level 11 in Unarmed Combat
  8391 | D:9      | Found an opulent altar of Gozag.
  8523 | D:9      | HP: 3/127 [something (9)]
  8524 | D:9      | Slain by a vampire

Illustrated notes

Levels and vault maps discovered:
D:1:      spicycebolla_arrival_ecumenical, layout_basic, serial_shops,
          nicolae_shop_pleasant_corner_grove, nicolae_shop_statue_plus,
          nicolae_diamond_shop, shop, chequers_serial_rivers_marsh
D:2:      layout_basic, basic_altar, uniq_crazy_yiuf_cottage
D:3:      layout_basic, tgw_fedhas, mainiacjoe_overflow_tiny_flanked,
          serial_co_window_serial, co_window_of_opportunity_a,
          co_window_of_opportunity_a, co_window_paths_a, co_window_paths_b,
          co_window_of_opportunity_a, co_window_corner_a, co_window_corner_a,
          co_window_of_opportunity_b, co_window_broadway_c,
          co_window_broadway_b, co_window_corner_ca, co_window_paths_d,
          glass_columns_a
D:4:      layout_basic, mainiacjoe_overflow_surrounded_room,
          nicolae_shop_clearance
D:5:      layout_loops_ring, yredelemnul_altar_generic, minmay_temple_entry_tees
D:6:      layout_loops_corners
D:7:      layout_loops_cross, vehumet_statue, okawaru_trees_1,
          grunt_temple_overflow_diamond, serial_shops, shop, roderic_batcave,
          hellmonk_bongcloud_opening, uniq_pikel
D:8:      layout_basic, ashenzari_conservatory_becter
D:9:      layout_loops_corners, kennysheep_little_box, hellmonk_lair_entry_icy
Temple:   nicolae_temple_ecumenical_triangle

Skill      XL: |  1  2  3  4  5  6  7  8  9 |
---------------+----------------------------+-----
Dodging        | 3 4 5 6 |  6.0
Unarmed Combat | 4 5 6 7 9 11 | 11.5
Fighting       | 3 4 |  4.6
Stealth        | 1 2 |  2.2

Action                     |  1- 3 |  4- 6 |  7- 9 || total
---------------------------+-------+-------+-------++-------
  Melee: Unarmed           |    73 |   198 |   257 ||   528
 Invoke: Berserk           |     2 |     1 |     2 ||     5
         Trog's Hand       |       |       |     2 ||     2
    Use: Scroll            |       |     8 |     4 ||    12
         Potion            |       |     5 |     5 ||    10
   Stab: Sleeping          |       |       |     1 ||     1
 Armour: Animal skin       |    27 |    46 |    34 ||   107
         Skin              |       |     7 |    18 ||    25
         Robe              |       |       |    67 ||    67
  Dodge: Dodged            |    49 |    44 |   134 ||   227
